 Dungeon Crawl Stone Soup version 0.25-a0-875-geaba134f46 (webtiles) character file.

Game seed: 3318612989075993569, levelgen mode: classic

6 EnegeticOcto the Shield-Bearer (level 1, -3/16 HPs)
             Began as an Octopode Fighter on May 1, 2020.
             Slain by a goblin
             ... wielding a +0 club
              (4 damage)
             ... on level 1 of the Dungeon.
             The game lasted 00:00:07 (244 turns).

EnegeticOcto the Shield-Bearer (Octopode Fighter)    Turns: 244, Time: 00:00:08

Health: -3/16      AC:  1    Str: 15    XL:     1   Next: 90%
Magic:  1/1        EV: 11    Int: 10    God:
Gold:   0          SH:  8    Dex: 11    Spells: 0/0 levels left

rFire    . . .     SeeInvis .   a - +0 long sword
rCold    . . .     Gourm    .   b - +0 kite shield
rNeg     . . .     Faith    .   (helmet restricted)
rPois    .         Spirit   .   (no amulet)
rElec    .         Reflect  .   (no ring)
rCorr    .         Harm     .   (no ring)
MR       .....                  (no ring)
Stlth    ++........             (no ring)
HPRegen  0.05/turn              (no ring)
MPRegen  0.07/turn              (no ring)
                                (no ring)
                                (no ring)

@: no status effects
A: almost no armour, stealthy swim, amphibious, 8 rings, constrict 8, camouflage
1, gelatinous body 1
a: no special abilities


You were on level 1 of the Dungeon.
You were not hungry.

You visited 1 branch of the dungeon, and saw 1 of its levels.

Inventory:

Hand Weapons
 a - a +0 long sword (weapon)
Armour
 b - a +0 kite shield (worn)
Jewellery
 d - a cursed ring of attention {unknown}
Scrolls
 g - 2 scrolls of remove curse {unknown}
Potions
 c - a potion of berserk rage {unknown}
 k - a potion of might {@q3}
Comestibles
 e - 2 rations
 f - 3 chunks of flesh


   Skills:
 + Level 3.1 Fighting
 * Level 2.3 Long Blades
 - Level 3.0 Dodging
 + Level 3.1 Shields


You couldn't memorise any spells.
You didn't know any spells.
Your spell library was empty.

Dungeon Overview and Level Annotations

Branches:
Dungeon (1/15)

Altars:


Innate Abilities, Weirdness & Mutations

You cannot wear most types of armour.
You are very stealthy in the water. (Stealth+)
You are amphibious.
You can wear up to eight rings at the same time.
You can use your tentacles to constrict eight enemies at once.
Your skin changes colour to match your surroundings (Stealth+).
Your rubbery body absorbs attacks. (AC +1, EV +1)


Message History

You kill the hobgoblin!
No target in view!
No target in view!
No target in view!
No target in view!
No target in view!
No target in view!
No target in view!
HP restored.
Things that are here:
a +0 club; a hobgoblin corpse You butcher the hobgoblin corpse.
f - 3 chunks of flesh
Things that are here:
a +0 club; a hobgoblin skeleton
Things that are here:
a +0 club; a hobgoblin skeleton
g - a scroll labeled WEXIMM CIDIC
g - 2 scrolls labeled WEXIMM CIDIC (gained 1)
Found a robe. 2 rats come into view.
Found 15 gold pieces.
Found a ration and a golden potion.
A hobgoblin comes into view. It is wielding a +0 club.
The hobgoblin shouts!
Found a leather armour.
You hit the rat. You grab the rat.
The rat is heavily wounded.
You constrict the rat.
You kill the rat!
A bat comes into view.
You hit the rat but do no damage. You grab the rat.
You constrict the rat, but do no damage.
The rat bites you. x2
You barely miss the rat. You constrict the rat.
You kill the rat!
You block the bat's attack. The hobgoblin closely misses you.
You riposte.
You hit the hobgoblin. You grab the hobgoblin.
The hobgoblin is almost dead.
The bat closely misses you. The hobgoblin hits you with a +0 club.
You are too injured to fight recklessly!
You are too injured to fight recklessly!
There are monsters nearby!
There are monsters nearby!
There are monsters nearby!
There are monsters nearby!
There are monsters nearby!
You are too injured to fight recklessly!
You are too injured to fight recklessly!
You are too injured to fight recklessly!
You are too injured to fight recklessly!
You are too injured to fight recklessly!
You are too injured to fight recklessly!
You hit the hobgoblin.
You kill the hobgoblin!
The bat barely misses you. You block the bat's attack.
You block the bat's attack.
You swing at nothing.
The bat hits you but does no damage. The bat misses you.
You swing at nothing.
You block the bat's attack.
You barely miss the bat. Your grab misses the bat. You block the bat's attack.
You swing at nothing.
You block the bat's attack.
You swing at nothing.
The bat closely misses you.
You swing at nothing.
The bat barely misses you.
You swing at nothing.
You block the bat's attack.
You swing at nothing.
The bat barely misses you.
You swing at nothing.
You block the bat's attack.
You swing at nothing.
You block the bat's attack.
You swing at nothing.
The bat barely misses you. x2; You riposte.
You barely miss the bat. Your grab misses the bat.
You swing at nothing.
You block the bat's attack.
A goblin comes into view. It is wielding a +0 club.
You swing at nothing.
The bat closely misses you.
You riposte.
You barely miss the bat.
The goblin shouts!
Your grab misses the bat. You squeeze the bat.
You kill the bat!
You swing at nothing.
You swing at nothing.
You swing at nothing.
You swing at nothing.
The goblin hits you but does no damage.
You swing at nothing.
The goblin misses you.
You swing at nothing.
The goblin hits you with a +0 club. x2
You swing at nothing.
You block the goblin's attack.
You swing at nothing.
The goblin closely misses you.
You swing at nothing.
The goblin hits you with a +0 club.
* * * LOW HITPOINT WARNING * * *
The goblin hits you with a +0 club.
* * * LOW HITPOINT WARNING * * *
You swing at nothing.
The goblin barely misses you.
You swing at nothing.
The goblin closely misses you.
You swing at nothing.
You block the goblin's attack.
You swing at nothing.
The goblin closely misses you.
You swing at nothing.
You block the goblin's attack. x2
You swing at nothing.
You block the goblin's attack.
You barely miss the goblin. Your grab misses the goblin.
Your squeeze misses the goblin. The goblin hits you but does no damage.
You barely miss the goblin. You grab the goblin. You constrict the goblin.
The goblin hits you with a +0 club.
You die...

##. #.###.## ##.#. .#
.#..[# #. #... #. .....
#. ##.#. #...# #..##
##.##. #...# #...###..#
#.[.#####.......)##
#..... ..........##
#.####...#####........#.#
........@g.......#.#...##
...%...)..........#......
.................###...#.
####...........#.# #####.
#.#...#!#####.## ##.
#.#...#.# ##.## ##.# #
#...#.# ##.###.## #...#.#
##...## .!....# ##.##


You could see a goblin.

Vanquished Creatures
  A bat (D:1)
  2 hobgoblins (D:1)
  A frilled lizard (D:1)
  2 rats (D:1)
6 creatures vanquished.

Notes
Turn   | Place    | Note
-------+----------+-------------------------------------------
     0 | D:1      | EnegeticOcto the Octopode Fighter began the quest for the
                  | Orb.
     0 | D:1      | Reached XP level 1. HP: 16/16 MP: 1/1
   244 | D:1      | Slain by a goblin

Levels and vault maps discovered:
D:1:      grunt_arrival_crossed_arrows, layout_loops_cross

Action                   || total
-------------------------++-------
Melee: Long sword        ||    10
       Constrict         ||     4
       Tentacles         ||     1
 Stab: Sleeping          ||     1
Armor: Skin              ||     2
Dodge: Dodged            ||    15
Block: Kite shield       ||    15
       Rpst.: Long sword ||     3

Table legend:
 A = Non-vault XP
 B = Vault XP
 C = Vault XP percentage of total XP
 D = Non-vault monster count
 E = Vault monster count
 F = Vault count percentage of total count
                 A         B        C        D         E       F
            +---------+---------+-------+---------+---------+-------
      Total |       9 |       0 |   0.0 |       6 |       0 |   0.0
            +---------+---------+-------+---------+---------+-------
        D:1 |       9 |       0 |   0.0 |       6 |       0 |   0.0
            +---------+---------+-------+---------+---------+-------
